Map: [ESL] Dynasty

Players

Erik

  • Race: Zerg Zerg
  • Spawn Location: 7:00

DisK - Winner!

  • Race: Protoss Protoss
  • Spawn Location: 1:00

Event: ESL SC2 Masters 2024 Spring (Regional)

VOD

Have the link to the VOD?

Description

Time

  • Played on: April 21, 2024, 2:10 p.m.
  • Length: 9:12

All games in this series

Show
View Real Time Build Order
Export as new Build Order

Erik Zerg 

Build Orders: Hatch First 

Get SALT Encoding   

  12  0:00  Drone  
  13  0:10  Drone  
  14  0:32  Hatchery  
  13  0:36  Drone  
  14  0:44  Overlord  
  14  0:59  Spawning Pool  
  14  1:03  Drone  
  14  1:07  Drone  
  14  1:11  Drone  
  16  1:15  Drone  
  17  1:25  Drone  
  18  1:36  Drone  
  19  1:40  Extractor  
  19  1:45  Queen  
  19  1:46  Queen  
  22  1:47  Zergling x2  
  22  1:49  Zergling x2  
  24  1:55  Drone  
  24  1:57  Drone  
  26  2:07  Roach Warren  
  25  2:10  Drone  
  26  2:20  Drone  
  26  2:21  Overlord  
  27  2:49  Roach x3  
  33  2:54  Zergling x6  
  35  3:02  Overlord  
  35  3:05  Extractor x2  
  35  3:06  Zergling x8, Extractor  
  39  3:13  Overlord  
  39  3:16  Overlord  
  39  3:22  Zergling x2  
  39  3:29  Ravager x2  
  39  3:31  Zergling x4  
  43  3:36  Zergling x4  
  45  3:46  Spore Crawler  
  44  3:50  Zergling x4  
  45  4:02  Zergling x4  
  38  4:12  Drone x2  
  38  4:17  Ravager  
  38  4:19  Drone x2  
  38  4:22  Queen  
  38  4:23  Queen  
  38  4:27  Metabolic Boost  
  36  4:33  Drone x2  
  38  4:38  Drone  
  38  4:40  Drone  
  40  4:47  Spore Crawler  
  40  4:49  Drone  
  40  4:51  Drone  
  39  5:00  Drone  
  39  5:05  Drone  
  35  5:10  Drone  
  35  5:12  Drone  
  36  5:22  Drone  
  36  5:23  Drone  
  36  5:25  Hatchery  
  37  5:35  Zergling x4  
  38  5:40  Zergling x6  
  41  5:43  Zergling x2  
  41  5:44  Zergling x4  
  41  5:48  Drone  
  41  5:49  Drone  
  46  5:50  Lair  
  46  5:52  Extractor  
  45  5:57  Drone x2  
  43  6:07  Drone  
  43  6:08  Drone  
  45  6:12  Drone x3  
  45  6:14  Drone x2  
  45  6:15  Drone  
  45  6:16  Extractor  
  50  6:21  Drone x2  
  52  6:30  Extractor, Drone  
  52  6:32  Drone  
  53  6:35  Queen  
  53  6:36  Queen  
  57  6:41  Drone x4  
  57  6:44  Drone x2  
  57  6:46  Drone x2  
  65  6:48  Extractor  
  65  6:51  Spore Crawler  
  63  6:55  Spire  
  63  6:56  Drone  
  63  6:58  Drone  
  63  7:03  Drone  
  64  7:10  Drone  
  59  7:26  Drone x8  
  59  7:29  Overlord  
  65  7:30  Spore Crawler  
  65  7:32  Overlord  
  65  7:36  Overlord x2  
  64  7:39  Overlord  
  64  7:40  Overlord  
  64  7:47  Overlord, Queen  
  66  7:57  Zergling x2  
  66  7:58  Zergling x10  
  72  8:02  Zergling x2  
  72  8:03  Zergling x6  
  76  8:07  Zergling x4  
  76  8:10  Zergling x8  
  65  8:27  Mutalisk  
  65  8:28  Mutalisk x4  
  65  8:31  Mutalisk x2  
Show
View Real Time Build Order
Export as new Build Order

DisK Protoss - Winner!

Build Orders: 1 Gate Expand, Oracle Opening 

Get SALT Encoding   

  12  0:00  Probe  
  13  0:12  Probe  
  14  0:19  Pylon  
  14  0:25  Probe  
  15  0:37  Probe (Chrono Boost)  
  15  0:39  Gateway  
  16  0:47  Assimilator  
  16  0:48  Probe (Chrono Boost)  
  17  0:52  Probe (Chrono Boost)  
  18  1:04  Probe  
  19  1:16  Probe  
  20  1:23  Nexus  
  20  1:34  Cybernetics Core  
  20  1:37  Probe  
  21  1:44  Assimilator  
  21  1:49  Probe  
  21  1:52  Pylon  
  22  2:01  Probe (Chrono Boost)  
  22  2:07  Adept (Chrono Boost)  
  23  2:13  Probe (Chrono Boost)  
  26  2:18  Stargate, Probe (Chrono Boost)  
  27  2:26  Warp Gate  
  27  2:29  Probe  
  28  2:34  Stalker (Chrono Boost)  
  29  2:37  Probe  
  29  2:41  Probe  
  31  2:49  Probe  
  32  2:56  Probe  
  33  3:01  Probe  
  33  3:04  Oracle (Chrono Boost)  
  37  3:08  Probe  
  37  3:10  Pylon  
  38  3:13  Shield Battery  
  38  3:19  Gateway  
  38  3:24  Probe  
  38  3:25  Probe  
  40  3:28  Pylon  
  40  3:30  Shield Battery  
  40  3:38  Oracle (Chrono Boost), Probe  
  44  3:41  Probe  
  45  3:51  Shield Battery x2  
  43  4:08  Oracle  
  46  4:14  Stalker  
  46  4:18  Stalker  
  47  4:25  Probe  
  47  4:31  Probe  
  49  4:34  Shield Battery  
  49  4:35  Shield Battery  
  49  4:37  Gateway  
  49  4:43  Adept x2  
  53  4:48  Pylon  
  53  4:50  Probe x2  
  55  5:02  Probe x2  
  57  5:11  Nexus  
  57  5:14  Probe x2  
  57  5:18  Pylon  
  59  5:27  Probe x2  
  61  5:31  Twilight Council  
  61  5:32  Assimilator, Forge  
  61  5:34  Assimilator  
  61  5:39  Probe x2  
  63  5:51  Probe x2  
  63  5:55  Pylon  
  65  6:01  Protoss Ground Weapons Level 1  
  65  6:03  Probe x2  
  67  6:05  Shield Battery  
  67  6:06  Pylon, Blink (Chrono Boost)  
  63  6:14  Gateway  
  63  6:15  Probe, Gateway  
  63  6:16  Sentry x2  
  68  6:21  Robotics Facility  
  68  6:24  Stalker  
  71  6:25  Probe  
  71  6:34  Pylon  
  71  6:35  Probe x2  
  71  6:37  Probe  
  74  6:41  Gateway  
  74  6:44  Gateway  
  74  6:48  Gateway  
  74  6:54  Stalker x3  
  80  7:10  Robotics Facility  
  80  7:13  Robotics Bay  
  80  7:14  Pylon  
  80  7:18  Stalker x5  
  90  7:25  Probe x3  
  93  7:30  Warp Prism (Chrono Boost)  
  93  7:33  Assimilator  
  93  7:36  Pylon  
  95  7:37  Stalker x2  
  95  7:41  Stalker x2  
  103  7:45  Stalker  
  105  7:54  Observer, Stalker x2  
  110  8:02  Photon Cannon  
  110  8:17  Photon Cannon x2, Shield Battery  
  110  8:19  Pylon  
  110  8:20  Shield Battery  
  110  8:25  Zealot x7  
  124  8:34  Photon Cannon  
  124  8:38  Photon Cannon  
Tags
 
Add a new tag
Caveats
  • Supply blocks, unpowered buildings, or Contaminate may cause inaccurate times.
  • Supply counts are checked every 10 seconds.